Tamiflu vs Atomiques
(R1)
Created - 23 septembre 2014 at 19:22
Goals
|
Tamiflu |
3 |
1 |
2 |
6 |
Atomiques |
0 |
0 |
3 |
3 |
|
Shots
|
Tamiflu |
9 |
11 |
17 |
37 |
Atomiques |
13 |
8 |
11 |
32 |
|
1st period
1. Tamiflu , Greg Mauldin 1 (Kyle Lawson, Ben Hanowski) at 1:18
2. Tamiflu , Greg Mauldin 2 (Petr Pohl, Justin Braun) at 2:27
3. Tamiflu , Colin Greening 1 (Mattias Tedenby, Nathan Oystrick) at 15:40
Penalties :
Clayton Stoner (STB) for Holding (Minor) at 7:01, Logan Couture (STB) for Hooking (Minor) at 9:30, Mike Duco (Det) for Hooking (Minor) at 10:34, Alexandre Daigle (STB) for Hooking (Minor) at 17:37
2nd period
4. Tamiflu , Mike Duco 1 (Adam Henrique) at 13:42
Penalties :
Garrett Wilson (Det) for Boarding (Minor) at 1:06, John Zeiler (STB) for Interference (Minor) at 6:22, Petr Pohl (Det) for High sticking (Minor) at 13:59, Garrett Wilson (Det) for Hooking (Minor) at 17:38
3rd period
5. Tamiflu , Petr Pohl 1 (Greg Mauldin) at 0:09
6. Atomiques , Alexandre Daigle 1 (Roman Polak, Logan Couture) at 0:56
7. Atomiques , Kenndal McArdle 1 (Marc-André Cliche) at 4:14
8. Tamiflu , Ben Hanowski 1 (Greg Mauldin, Jonathan Sigalet) at 8:15
9. Atomiques , Alexandre Daigle 2 (Logan Couture, Clayton Stoner) at 11:43
Penalties :
Greg Mauldin (Det) for Tripping (Minor) at 19:32
Goalie Stats
Mike McKenna (Det), 29 saves from 32 shots - (0,906), W, 1-0-0, 60:00 minutes
Alex Auld (STB), 14 saves from 18 shots - (0,778), L, 0-1-0, 33:42 minutes
Curtis McElhinney (STB), 17 saves from 19 shots - (0,895), 26:18 minutes
Players Stats for Tamiflu
Player Name G A P +/- PIM S H SB GA TA FO MP PP MP PK MP
------------------------------------------------------------------------------------
Adam Henrique 0 1 1 1 0 7 2 2 1 1 12/22 17:32 3:05 1:29
Ben Hanowski 1 1 2 1 0 4 1 0 0 0 0/0 5:38 0:13 0:00
Casey Wellman 0 0 0 1 0 0 0 0 0 0 1/3 5:03 0:00 0:00
Cody Goloubef 0 0 0 1 0 0 0 0 0 0 0/0 4:04 0:00 0:00
Colin Greening 1 0 1 -1 0 3 2 1 0 0 1/4 14:59 0:13 2:17
Garrett Wilson 0 0 0 -1 4 0 5 0 0 0 0/0 13:59 0:00 1:09
Greg Mauldin 2 2 4 3 2 8 1 0 1 0 25/37 25:36 3:43 3:44
Jan Mursak 0 0 0 2 0 3 1 0 1 0 0/1 17:44 3:43 0:00
Johan Fransson 0 0 0 0 0 0 1 1 1 1 0/0 20:18 2:54 3:14
Jonathan Sigalet 0 1 1 1 0 3 5 1 0 2 0/0 26:42 4:07 4:14
Jordan Hendry 0 0 0 1 0 2 0 0 1 1 0/0 26:42 4:07 4:14
Justin Braun 0 1 1 1 0 0 0 0 0 0 0/0 4:04 0:00 0:00
Kyle Lawson 0 1 1 1 0 0 0 0 0 0 0/0 8:56 0:00 0:00
Mattias Tedenby 0 1 1 -1 0 2 0 1 2 0 1/1 13:58 0:13 0:00
Mike Duco 1 0 1 1 2 3 3 0 0 1 0/3 17:19 3:04 1:22
Nathan Oystrick 0 1 1 0 0 0 1 1 0 1 0/0 20:18 2:54 3:14
Petr Pohl 1 1 2 2 2 1 1 2 1 1 0/0 21:42 3:43 3:04
Philip Samuelsson 0 0 0 1 0 0 0 1 0 1 0/0 8:56 0:00 0:00
Philippe Dupuis 0 0 0 0 0 0 0 0 0 0 0/0 1:07 0:00 0:48
Rich Clune 0 0 0 1 0 1 2 0 0 1 0/1 16:55 3:05 1:03
Stefan Elliott 0 0 0 0 0 0 0 0 0 0 0/0 0:00 0:00 0:00
Teemu Laakso 0 0 0 0 0 0 0 0 0 0 0/0 0:00 0:00 0:00
Teigan Zahn 0 0 0 0 0 0 0 0 0 0 0/0 0:00 0:00 0:00
Players Stats for Atomiques
Player Name G A P +/- PIM S H SB GA TA FO MP PP MP PK MP
------------------------------------------------------------------------------------
Alexandre Daigle 2 0 2 0 2 4 4 3 0 2 3/5 23:36 3:48 2:47
Andrew Kozek 0 0 0 -1 0 1 2 0 1 0 1/2 16:20 3:14 1:44
Brad Winchester 0 0 0 0 0 10 2 0 2 0 1/3 21:59 3:48 1:48
Brett Sutter 0 0 0 -3 0 0 0 0 1 0 1/1 8:09 0:00 1:16
Casey Borer 0 0 0 -1 0 0 0 1 0 0 0/0 10:23 0:00 0:41
Clayton Stoner 0 1 1 -2 2 1 1 2 1 1 0/0 27:41 4:01 2:49
John McCarthy 0 0 0 -3 0 4 0 0 1 0 1/1 10:26 0:26 2:22
John Zeiler 0 0 0 -1 2 0 5 0 1 0 2/5 17:11 3:14 2:40
Kenndal McArdle 1 0 1 1 0 2 1 0 2 0 0/0 10:23 0:00 0:00
Logan Couture 0 2 2 0 2 4 3 0 0 1 15/35 22:00 4:14 1:25
Mac Bennett 0 0 0 -1 0 0 0 0 0 0 0/0 9:42 0:00 0:00
Marc-André Cliche 0 1 1 1 0 0 1 0 0 0 2/7 9:58 0:00 0:00
Mitch Callahan 0 0 0 -3 0 0 2 0 0 0 0/0 6:53 0:00 0:00
Nick Johnson 0 0 0 1 0 0 2 0 0 0 1/2 10:52 0:26 0:00
Roman Polak 0 1 1 0 0 0 1 3 0 1 0/0 21:57 3:27 3:31
Scott Jackson 0 0 0 0 0 1 3 1 0 1 0/0 21:19 3:27 2:53
Tyler Brenner 0 0 0 -1 0 0 0 0 0 1 5/11 14:11 3:14 0:00
Victor Hedman 0 0 0 -2 0 5 0 4 1 1 0/0 28:59 4:01 4:08
3 Stars
1 - Greg Mauldin (Det)
2 - Alexandre Daigle (STB)
3 - Ben Hanowski (Det)
Power Play
Tamiflu - 0 on 5 Attempt(s) - 0,00%
Atomiques - 0 on 5 Attempt(s) - 0,00%
Penalty Kill
Tamiflu - 5 on 5 Attempt(s) - 100,00%
- Score 0 goal in Penalty Kill
Atomiques - 5 on 5 Attempt(s) - 100,00%
- Score 0 goal in Penalty Kill
Official
Referees : Marouelli Dan and Pollock Kevin
Linesman : Mark Pare and Greg Devorski
Game Notes
Curtis McElhinney enters game at 13:42 of 2nd period
18:02 of 3rd period - Penalty Shot by Logan Couture for Atomiques - Stopped by Mike McKenna
Finance
Level 1 -- Attendance: 1482 (74,10%) -- Ticket Income 51 870 $
Level 2 -- Attendance: 768 (76,80%) -- Ticket Income 11 520 $
Total Attendance: 2250 (75,00%)
Total Ticket Income: 63 390 $
Other Income: 3 170 $
Total Income: 66 560 $
Tamiflu
5 vs 5 Forward
Center Left Wing Right Wing Time % Phy DF OF
1 Greg Mauldin Jan Mursak Petr Pohl 40 1 2 2
2 Adam Henrique Rich Clune Mike Duco 30 1 2 2
3 Colin Greening Garrett Wilson Mattias Tedenby 20 1 2 2
4 Casey Wellman Greg Mauldin Ben Hanowski 10 1 2 2
5 vs 5 Defense
Defense Defense Time % Phy DF OF
1 Jonathan Sigalet Jordan Hendry 40 1 2 2
2 Nathan Oystrick Johan Fransson 30 1 2 2
3 Philip Samuelsson Kyle Lawson 20 1 2 2
4 Justin Braun Cody Goloubef 10 1 2 2
PowerPlay Forward
Center Left Wing Right Wing Time % Phy DF OF
1 Greg Mauldin Jan Mursak Petr Pohl 60 1 2 2
2 Adam Henrique Rich Clune Mike Duco 40 1 2 2
PowerPlay Defense
Defense Defense Time % Phy DF OF
1 Jonathan Sigalet Jordan Hendry 60 1 2 2
2 Nathan Oystrick Johan Fransson 40 1 2 2
Penalty Kill 4 Players Forward
Center Wing Time % Phy DF OF
1 Greg Mauldin Petr Pohl 60 1 2 2
2 Adam Henrique Mike Duco 40 1 2 2
Penalty Kill 4 Players Defense
Defense Defense Time % Phy DF OF
1 Jonathan Sigalet Jordan Hendry 60 1 2 2
2 Nathan Oystrick Johan Fransson 40 1 2 2
Penalty Kill - 3 Players Forward
Forward Time % Phy DF OF
1 Greg Mauldin 60 1 2 2
2 Petr Pohl 40 1 2 2
Penalty Kill - 3 Players Defense
Defense Defense Time % Phy DF OF
1 Jonathan Sigalet Jordan Hendry 60 1 2 2
2 Nathan Oystrick Johan Fransson 40 1 2 2
4 vs 4 Forward
Center Wing Time % Phy DF OF
1 Greg Mauldin Petr Pohl 60 1 2 2
2 Adam Henrique Mike Duco 40 1 2 2
4 vs 4 Defense
Defense Defense Time % Phy DF OF
1 Jonathan Sigalet Jordan Hendry 60 1 2 2
2 Nathan Oystrick Johan Fransson 40 1 2 2
Last Minutes Offensive
Center Left Wing Right Wing Defense Defense
Greg Mauldin Jan Mursak Petr Pohl Jonathan Sigalet Jordan Hendry
Last Minutes Defensive
Center Left Wing Right Wing Defense Defense
Greg Mauldin Jan Mursak Petr Pohl Jonathan Sigalet Jordan Hendry
Goaltenders
Starting : Mike McKenna
Backup : Thomas Greiss
Extra Forwards
Normal : Mattias Tedenby, Ben Hanowski, Colin Greening - PP : Mattias Tedenby, Ben Hanowski - PK : Colin Greening
Extra Defensemen
Normal : Philip Samuelsson, Kyle Lawson, Justin Braun - PP : Philip Samuelsson - PK : Kyle Lawson, Justin Braun
Penalty Shots
Greg Mauldin, Petr Pohl, Adam Henrique, Mike Duco, Mattias Tedenby
Atomiques
5 vs 5 Forward
Center Left Wing Right Wing Time % Phy DF OF
1 Logan Couture Brad Winchester Alexandre Daigle 40 1 2 2
2 Tyler Brenner Andrew Kozek John Zeiler 30 1 2 2
3 Marc-André Cliche Kenndal McArdle Nick Johnson 20 1 2 2
4 Brett Sutter John McCarthy Mitch Callahan 10 1 2 2
5 vs 5 Defense
Defense Defense Time % Phy DF OF
1 Victor Hedman Clayton Stoner 40 1 2 2
2 Scott Jackson Roman Polak 30 1 2 2
3 Mac Bennett Casey Borer 20 1 2 2
4 Clayton Stoner Victor Hedman 10 1 2 2
PowerPlay Forward
Center Left Wing Right Wing Time % Phy DF OF
1 Logan Couture Brad Winchester Alexandre Daigle 60 1 2 2
2 Tyler Brenner Andrew Kozek John Zeiler 40 1 2 2
PowerPlay Defense
Defense Defense Time % Phy DF OF
1 Victor Hedman Clayton Stoner 60 1 2 2
2 Scott Jackson Roman Polak 40 1 2 2
Penalty Kill 4 Players Forward
Center Wing Time % Phy DF OF
1 John Zeiler Alexandre Daigle 60 1 2 2
2 Logan Couture Brad Winchester 40 1 2 2
Penalty Kill 4 Players Defense
Defense Defense Time % Phy DF OF
1 Victor Hedman Clayton Stoner 60 1 2 2
2 Scott Jackson Roman Polak 40 1 2 2
Penalty Kill - 3 Players Forward
Forward Time % Phy DF OF
1 Brad Winchester 60 1 2 2
2 Alexandre Daigle 40 1 2 2
Penalty Kill - 3 Players Defense
Defense Defense Time % Phy DF OF
1 Victor Hedman Clayton Stoner 60 1 2 2
2 Scott Jackson Roman Polak 40 1 2 2
4 vs 4 Forward
Center Wing Time % Phy DF OF
1 Logan Couture Alexandre Daigle 60 1 2 2
2 John Zeiler Brad Winchester 40 1 2 2
4 vs 4 Defense
Defense Defense Time % Phy DF OF
1 Victor Hedman Clayton Stoner 60 1 2 2
2 Scott Jackson Roman Polak 40 1 2 2
Last Minutes Offensive
Center Left Wing Right Wing Defense Defense
Logan Couture Brad Winchester Alexandre Daigle Victor Hedman Clayton Stoner
Last Minutes Defensive
Center Left Wing Right Wing Defense Defense
Logan Couture Brad Winchester Alexandre Daigle Victor Hedman Clayton Stoner
Goaltenders
Starting : Alex Auld
Backup : Curtis McElhinney
Extra Forwards
Normal : Nick Johnson, Kenndal McArdle, John McCarthy - PP : Nick Johnson, Kenndal McArdle - PK : John McCarthy
Extra Defensemen
Normal : Mac Bennett, Roman Polak, Victor Hedman - PP : Mac Bennett - PK : Roman Polak, Victor Hedman
Penalty Shots
Brad Winchester, Alexandre Daigle, John Zeiler, Logan Couture, Tyler Brenner
% Time on Ice - Tamiflu
Lines # - Real PCT - Wanted PCT - Time Play
Normal Forward
1 - 33% - 40% - 14:45
2 - 28% - 30% - 12:42
3 - 27% - 20% - 12:06
4 - 11% - 10% - 5:03
Normal Defense
1 - 40% - 40% - 17:38
2 - 31% - 30% - 13:58
3 - 20% - 20% - 8:56
4 - 9% - 10% - 4:04
PP Forward
1 - 56% - 60% - 3:56
2 - 44% - 40% - 3:05
PP Defense
1 - 59% - 60% - 4:07
2 - 41% - 40% - 2:54
PK Forward
1 - 80% - 60% - 5:59
2 - 20% - 40% - 1:29
PK Defense
1 - 57% - 60% - 4:14
2 - 43% - 40% - 3:14
PK3 Forward
1 - 0% - 60%
2 - 0% - 40%
PK3 Defense
1 - 0% - 60%
2 - 0% - 40%
44 Forward
1 - 71% - 60% - 0:39
2 - 29% - 40% - 0:16
44 Defense
1 - 78% - 60% - 0:43
2 - 22% - 40% - 0:12
Last Minute Offensive - 0:00
Last Minute Defensive - 0:00
Total
Forward - 60:00
Defense - 60:00
|
% Time on Ice - Atomiques
Lines # - Real PCT - Wanted PCT - Time Play
Normal Forward
1 - 37% - 40% - 16:27
2 - 25% - 30% - 11:18
3 - 22% - 20% - 9:58
4 - 15% - 10% - 6:53
Normal Defense
1 - 43% - 40% - 19:07
2 - 33% - 30% - 14:32
3 - 22% - 20% - 9:42
4 - 3% - 10% - 1:15
PP Forward
1 - 57% - 60% - 4:14
2 - 43% - 40% - 3:14
PP Defense
1 - 54% - 60% - 4:01
2 - 46% - 40% - 3:27
PK Forward
1 - 74% - 60% - 5:13
2 - 26% - 40% - 1:48
PK Defense
1 - 59% - 60% - 4:08
2 - 41% - 40% - 2:53
PK3 Forward
1 - 0% - 60%
2 - 0% - 40%
PK3 Defense
1 - 0% - 60%
2 - 0% - 40%
44 Forward
1 - 100% - 60% - 0:55
2 - 0% - 40% - 0:00
44 Defense
1 - 51% - 60% - 0:28
2 - 49% - 40% - 0:27
Last Minute Offensive - 0:00
Last Minute Defensive - 0:00
Total
Forward - 60:00
Defense - 60:00
|
Play by Play
1st period
0:01 of 1st period - Greg Mauldin wins face-off versus Brad Winchester in neutral zone.
0:28 of 1st period - Snap shot by Mike Duco.
0:28 of 1st period - Shot Misses the Net.
1:14 of 1st period - Snap shot by Ben Hanowski.
1:14 of 1st period - Stopped by Alex Auld with a rebound.
1:18 of 1st period - Snap shot by Greg Mauldin.
1:18 of 1st period - Goal by Greg Mauldin - Tamiflu : 1 - Atomiques : 0.
1:19 of 1st period - Greg Mauldin wins face-off versus Logan Couture in neutral zone.
1:36 of 1st period - Jan Mursak is hit by Scott Jackson and loses puck.
1:53 of 1st period - Slapshot by Greg Mauldin.
1:53 of 1st period - Shot Blocked by Roman Polak.
1:55 of 1st period - Wrist shot by Petr Pohl.
1:55 of 1st period - Shot Misses the Net.
2:09 of 1st period - Snap shot by Petr Pohl.
2:09 of 1st period - Shot Blocked by Roman Polak.
2:27 of 1st period - Wrist shot by Greg Mauldin.
2:27 of 1st period - Goal by Greg Mauldin - Tamiflu : 2 - Atomiques : 0.
2:28 of 1st period - Adam Henrique wins face-off versus Tyler Brenner in neutral zone.
2:41 of 1st period - Snap shot by Tyler Brenner.
2:41 of 1st period - Shot Misses the Net.
3:34 of 1st period - Tyler Brenner is hit by Jonathan Sigalet and loses puck.
3:49 of 1st period - Snap shot by John McCarthy.
3:49 of 1st period - Stopped by Mike McKenna with a rebound.
4:21 of 1st period - Andrew Kozek is hit by Mike Duco and loses puck.
5:12 of 1st period - Wrist shot by Brad Winchester.
5:12 of 1st period - Stopped by Mike McKenna with a rebound.
5:36 of 1st period - Wrist shot by Kenndal McArdle.
5:36 of 1st period - Shot Misses the Net.
5:40 of 1st period - Snap shot by Nick Johnson.
5:40 of 1st period - Shot Misses the Net.
5:43 of 1st period - Icing by Casey Wellman.
5:44 of 1st period - Logan Couture wins face-off versus Casey Wellman in Tamiflu zone.
5:45 of 1st period - Wrist shot by Alexandre Daigle.
5:45 of 1st period - Shot Misses the Net.
6:15 of 1st period - Mattias Tedenby is hit by Roman Polak and loses puck.
6:24 of 1st period - Wrist shot by Ben Hanowski.
6:24 of 1st period - Stopped by Alex Auld with a rebound.
6:26 of 1st period - Slapshot by Jonathan Sigalet.
6:26 of 1st period - Shot Misses the Net.
6:28 of 1st period - Snap shot by Mattias Tedenby.
6:28 of 1st period - Stopped by Alex Auld without a rebound.
6:29 of 1st period - Greg Mauldin wins face-off versus Marc-André Cliche in Atomiques zone.
6:39 of 1st period - Greg Mauldin is hit by Kenndal McArdle and loses puck.
6:47 of 1st period - Icing by Jonathan Sigalet.
6:48 of 1st period - Greg Mauldin wins face-off versus Logan Couture in Tamiflu zone.
6:48 of 1st period - Greg Mauldin is hit by Clayton Stoner.
6:56 of 1st period - Slapshot by Greg Mauldin.
6:56 of 1st period - Shot Blocked by Clayton Stoner.
7:01 of 1st period - Minor Penalty to Clayton Stoner for Holding.
7:02 of 1st period - Greg Mauldin wins face-off versus John Zeiler in Atomiques zone.
7:12 of 1st period - Wrist shot by Alexandre Daigle.
7:12 of 1st period - Deflect By Jordan Hendry.
7:12 of 1st period - Shot Misses the Net.
7:12 of 1st period - Puck is out of play.
7:13 of 1st period - Greg Mauldin wins face-off versus John Zeiler in Tamiflu zone.
7:18 of 1st period - Slapshot by Jonathan Sigalet.
7:18 of 1st period - Deflect By Greg Mauldin.
7:18 of 1st period - Stopped by Alex Auld with a rebound.
7:53 of 1st period - Slapshot by Jonathan Sigalet.
7:53 of 1st period - Shot Misses the Net.
9:01 of 1st period - Penalty to Clayton Stoner is over, Clayton Stoner is back on ice.
9:09 of 1st period - Off-side.
9:10 of 1st period - Mattias Tedenby wins face-off versus Marc-André Cliche in neutral zone.
9:16 of 1st period - Off-side.
9:17 of 1st period - Brad Winchester wins face-off versus Colin Greening in neutral zone.
9:20 of 1st period - Cody Goloubef is hit by Alexandre Daigle and loses puck.
9:30 of 1st period - Minor Penalty to Logan Couture for Hooking.
9:31 of 1st period - Greg Mauldin wins face-off versus Alexandre Daigle in Atomiques zone.
9:38 of 1st period - Slapshot by Greg Mauldin.
9:38 of 1st period - Shot Misses the Net.
10:34 of 1st period - Minor Penalty to Mike Duco for Hooking.
10:35 of 1st period - Greg Mauldin wins face-off versus Nick Johnson in Tamiflu zone.
11:30 of 1st period - Penalty to Logan Couture is over, Logan Couture is back on ice.
11:49 of 1st period - Wrist shot by Logan Couture.
11:49 of 1st period - Stopped by Mike McKenna with a rebound.
11:51 of 1st period - Slapshot by Clayton Stoner.
11:51 of 1st period - Shot Misses the Net.
11:53 of 1st period - Slapshot by Victor Hedman.
11:53 of 1st period - Shot Blocked by Nathan Oystrick.
11:55 of 1st period - Slapshot by Clayton Stoner.
11:55 of 1st period - Deflect By Logan Couture.
11:55 of 1st period - Stopped by Mike McKenna without a rebound.
11:56 of 1st period - Greg Mauldin wins face-off versus Andrew Kozek in Tamiflu zone.
12:05 of 1st period - Slapshot by Victor Hedman.
12:05 of 1st period - Stopped by Mike McKenna with a rebound.
12:21 of 1st period - Snap shot by Brad Winchester.
12:21 of 1st period - Stopped by Mike McKenna without a rebound.
12:22 of 1st period - Adam Henrique wins face-off versus Logan Couture in Tamiflu zone.
12:22 of 1st period - Adam Henrique is hit by Brad Winchester.
12:34 of 1st period - Penalty to Mike Duco is over, Mike Duco is back on ice.
12:34 of 1st period - Snap shot by Alexandre Daigle.
12:34 of 1st period - Stopped by Mike McKenna with a rebound.
12:36 of 1st period - Snap shot by Brad Winchester.
12:36 of 1st period - Shot Misses the Net.
12:38 of 1st period - Backhand shot by Brad Winchester.
12:38 of 1st period - Stopped by Mike McKenna with a rebound.
13:05 of 1st period - Icing by Nathan Oystrick.
13:06 of 1st period - Nick Johnson wins face-off versus Colin Greening in Tamiflu zone.
13:23 of 1st period - Snap shot by Colin Greening.
13:23 of 1st period - Stopped by Alex Auld with a rebound.
13:45 of 1st period - Wrist shot by Mattias Tedenby.
13:45 of 1st period - Shot Blocked by Victor Hedman.
14:07 of 1st period - Slapshot by Roman Polak.
14:07 of 1st period - Shot Blocked by Colin Greening.
14:09 of 1st period - Slapshot by Scott Jackson.
14:09 of 1st period - Deflect By John McCarthy.
14:09 of 1st period - Stopped by Mike McKenna with a rebound.
14:17 of 1st period - Scott Jackson is hit by Johan Fransson and loses puck.
14:36 of 1st period - John McCarthy is hit by Garrett Wilson and loses puck.
14:47 of 1st period - Wrist shot by Colin Greening.
14:47 of 1st period - Stopped by Alex Auld with a rebound.
14:55 of 1st period - John McCarthy is hit by Garrett Wilson and loses puck.
15:04 of 1st period - Slapshot by Nathan Oystrick.
15:04 of 1st period - Shot Misses the Net.
15:40 of 1st period - Wrist shot by Colin Greening.
15:40 of 1st period - Goal by Colin Greening - Tamiflu : 3 - Atomiques : 0.
15:41 of 1st period - Logan Couture wins face-off versus Jan Mursak in neutral zone.
15:48 of 1st period - Snap shot by Brad Winchester.
15:48 of 1st period - Stopped by Mike McKenna with a rebound.
16:36 of 1st period - Off-side.
16:37 of 1st period - Greg Mauldin wins face-off versus Logan Couture in neutral zone.
16:44 of 1st period - Slapshot by Victor Hedman.
16:44 of 1st period - Deflect By Alexandre Daigle.
16:44 of 1st period - Shot Blocked by Philip Samuelsson.
16:44 of 1st period - Puck is out of play.
16:45 of 1st period - Alexandre Daigle wins face-off versus Greg Mauldin in Tamiflu zone.
16:46 of 1st period - Snap shot by Brad Winchester.
16:46 of 1st period - Stopped by Mike McKenna without a rebound.
16:47 of 1st period - Logan Couture wins face-off versus Greg Mauldin in Tamiflu zone.
16:50 of 1st period - Snap shot by Brad Winchester.
16:50 of 1st period - Stopped by Mike McKenna with a rebound.
16:56 of 1st period - Snap shot by Brad Winchester.
16:56 of 1st period - Stopped by Mike McKenna without a rebound.
16:57 of 1st period - Logan Couture wins face-off versus Mike Duco in Tamiflu zone.
17:22 of 1st period - Logan Couture is hit by Jonathan Sigalet and loses puck.
17:37 of 1st period - Minor Penalty to Alexandre Daigle for Hooking.
17:38 of 1st period - John Zeiler wins face-off versus Greg Mauldin in Atomiques zone.
19:35 of 1st period - John McCarthy is hit by Greg Mauldin and loses puck.
19:37 of 1st period - Penalty to Alexandre Daigle is over, Alexandre Daigle is back on ice.
19:46 of 1st period - John McCarthy is hit by Colin Greening and loses puck.
Goals for this period are 3 for Tamiflu vs 0 for Atomiques.
Shots for this period are 9 for Tamiflu vs 13 for Atomiques.
2nd period
0:01 of 2nd period - Greg Mauldin wins face-off versus Tyler Brenner in neutral zone.
0:08 of 2nd period - Wrist shot by Greg Mauldin.
0:08 of 2nd period - Stopped by Alex Auld without a rebound.
0:09 of 2nd period - Andrew Kozek wins face-off versus Greg Mauldin in Atomiques zone.
0:14 of 2nd period - Slapshot by Victor Hedman.
0:14 of 2nd period - Stopped by Mike McKenna without a rebound.
0:15 of 2nd period - Alexandre Daigle wins face-off versus Mike Duco in Tamiflu zone.
0:20 of 2nd period - Slapshot by Brad Winchester.
0:20 of 2nd period - Stopped by Mike McKenna with a rebound.
0:50 of 2nd period - Tyler Brenner is hit by Jan Mursak and loses puck.
1:06 of 2nd period - Minor Penalty to Garrett Wilson for Boarding.
1:07 of 2nd period - Logan Couture wins face-off versus Greg Mauldin in Tamiflu zone.
1:42 of 2nd period - Mike Duco is hit by John Zeiler and loses puck.
3:06 of 2nd period - Penalty to Garrett Wilson is over, Garrett Wilson is back on ice.
3:09 of 2nd period - Slapshot by Kenndal McArdle.
3:09 of 2nd period - Shot Blocked by Johan Fransson.
3:11 of 2nd period - Wrist shot by Nick Johnson.
3:11 of 2nd period - Deflect By Kenndal McArdle.
3:11 of 2nd period - Shot Misses the Net.
3:11 of 2nd period - Puck is out of play.
3:12 of 2nd period - Adam Henrique wins face-off versus Marc-André Cliche in Tamiflu zone.
3:23 of 2nd period - Snap shot by Adam Henrique.
3:23 of 2nd period - Stopped by Alex Auld with a rebound.
3:41 of 2nd period - Off-side.
3:42 of 2nd period - John McCarthy wins face-off versus Mike Duco in neutral zone.
3:47 of 2nd period - Snap shot by John McCarthy.
3:47 of 2nd period - Shot Blocked by Adam Henrique.
4:05 of 2nd period - Snap shot by John McCarthy.
4:05 of 2nd period - Stopped by Mike McKenna without a rebound.
4:06 of 2nd period - Logan Couture wins face-off versus Greg Mauldin in Tamiflu zone.
4:31 of 2nd period - Tyler Brenner is hit by Mike Duco and loses puck.
4:41 of 2nd period - Off-side.
4:42 of 2nd period - Logan Couture wins face-off versus Adam Henrique in neutral zone.
5:06 of 2nd period - Petr Pohl is hit by Scott Jackson.
5:46 of 2nd period - Clayton Stoner is hit by Rich Clune and loses puck.
5:53 of 2nd period - Slapshot by Victor Hedman.
5:53 of 2nd period - Deflect By Mike Duco.
5:53 of 2nd period - Stopped by Mike McKenna without a rebound.
5:54 of 2nd period - Greg Mauldin wins face-off versus Alexandre Daigle in Tamiflu zone.
6:01 of 2nd period - Wrist shot by Greg Mauldin.
6:01 of 2nd period - Shot Misses the Net.
6:03 of 2nd period - Wrist shot by Jan Mursak.
6:03 of 2nd period - Stopped by Alex Auld with a rebound.
6:05 of 2nd period - Snap shot by Petr Pohl.
6:05 of 2nd period - Shot Blocked by Scott Jackson.
6:07 of 2nd period - Slapshot by Philip Samuelsson.
6:07 of 2nd period - Shot Misses the Net.
6:09 of 2nd period - Snap shot by Jan Mursak.
6:09 of 2nd period - Stopped by Alex Auld without a rebound.
6:10 of 2nd period - Adam Henrique wins face-off versus Tyler Brenner in Atomiques zone.
6:22 of 2nd period - Minor Penalty to John Zeiler for Interference.
6:23 of 2nd period - Alexandre Daigle wins face-off versus Greg Mauldin in Atomiques zone.
6:31 of 2nd period - Snap shot by Jonathan Sigalet.
6:31 of 2nd period - Shot Blocked by Victor Hedman.
6:33 of 2nd period - Wrist shot by Jan Mursak.
6:33 of 2nd period - Stopped by Alex Auld with a rebound.
6:35 of 2nd period - Slapshot by Jordan Hendry.
6:35 of 2nd period - Shot Blocked by Alexandre Daigle.
6:37 of 2nd period - Slapshot by Jan Mursak.
6:37 of 2nd period - Shot Misses the Net.
6:39 of 2nd period - Wrist shot by Jan Mursak.
6:39 of 2nd period - Shot Misses the Net.
6:49 of 2nd period - Victor Hedman is hit by Jonathan Sigalet.
7:23 of 2nd period - Petr Pohl is hit by Andrew Kozek and loses puck.
8:18 of 2nd period - Johan Fransson is hit by Logan Couture and loses puck.
8:22 of 2nd period - Penalty to John Zeiler is over, John Zeiler is back on ice.
8:48 of 2nd period - Marc-André Cliche is hit by Ben Hanowski and loses puck.
9:01 of 2nd period - Philip Samuelsson is hit by John Zeiler and loses puck.
9:16 of 2nd period - Wrist shot by John McCarthy.
9:16 of 2nd period - Shot Blocked by Adam Henrique.
10:10 of 2nd period - Mike Duco is hit by John Zeiler and loses puck.
10:43 of 2nd period - Slapshot by Jonathan Sigalet.
10:43 of 2nd period - Stopped by Alex Auld without a rebound.
10:44 of 2nd period - Tyler Brenner wins face-off versus Casey Wellman in Atomiques zone.
10:44 of 2nd period - Tyler Brenner is hit by Garrett Wilson.
11:32 of 2nd period - Snap shot by Greg Mauldin.
11:32 of 2nd period - Stopped by Alex Auld without a rebound.
11:33 of 2nd period - Adam Henrique wins face-off versus Marc-André Cliche in Atomiques zone.
11:36 of 2nd period - Slapshot by Adam Henrique.
11:36 of 2nd period - Shot Misses the Net.
11:38 of 2nd period - Wrist shot by Adam Henrique.
11:38 of 2nd period - Stopped by Alex Auld without a rebound.
11:39 of 2nd period - Logan Couture wins face-off versus Adam Henrique in Atomiques zone.
11:39 of 2nd period - Logan Couture is hit by Rich Clune.
11:52 of 2nd period - Icing by Kyle Lawson.
11:53 of 2nd period - Logan Couture wins face-off versus Adam Henrique in Tamiflu zone.
11:54 of 2nd period - Snap shot by Alexandre Daigle.
11:54 of 2nd period - Stopped by Mike McKenna with a rebound.
11:56 of 2nd period - Slapshot by Victor Hedman.
11:56 of 2nd period - Stopped by Mike McKenna with a rebound.
13:42 of 2nd period - Snap shot by Mike Duco.
13:42 of 2nd period - Goal by Mike Duco - Tamiflu : 4 - Atomiques : 0.
13:42 of 2nd period - Curtis McElhinney enters game.
13:43 of 2nd period - Greg Mauldin wins face-off versus Logan Couture in neutral zone.
13:59 of 2nd period - Minor Penalty to Petr Pohl for High sticking.
14:00 of 2nd period - Greg Mauldin wins face-off versus Logan Couture in Tamiflu zone.
14:00 of 2nd period - Greg Mauldin is hit by Alexandre Daigle.
14:26 of 2nd period - Colin Greening is hit by John Zeiler and loses puck.
15:21 of 2nd period - Johan Fransson is hit by Alexandre Daigle and loses puck.
15:59 of 2nd period - Penalty to Petr Pohl is over, Petr Pohl is back on ice.
16:03 of 2nd period - Off-side.
16:04 of 2nd period - Marc-André Cliche wins face-off versus Adam Henrique in neutral zone.
16:10 of 2nd period - Icing by Rich Clune.
16:11 of 2nd period - Marc-André Cliche wins face-off versus Rich Clune in Tamiflu zone.
16:12 of 2nd period - Slapshot by Kenndal McArdle.
16:12 of 2nd period - Stopped by Mike McKenna without a rebound.
16:13 of 2nd period - Logan Couture wins face-off versus Adam Henrique in Tamiflu zone.
16:29 of 2nd period - Wrist shot by Brad Winchester.
16:29 of 2nd period - Deflect By Logan Couture.
16:29 of 2nd period - Stopped by Mike McKenna with a rebound.
17:38 of 2nd period - Minor Penalty to Garrett Wilson for Hooking.
17:39 of 2nd period - Greg Mauldin wins face-off versus Brad Winchester in Tamiflu zone.
18:58 of 2nd period - Off-side.
18:59 of 2nd period - Tyler Brenner wins face-off versus Adam Henrique in neutral zone.
19:02 of 2nd period - Wrist shot by John Zeiler.
19:02 of 2nd period - Shot Misses the Net.
19:28 of 2nd period - Wrist shot by Adam Henrique.
19:28 of 2nd period - Deflect By Mike Duco.
19:28 of 2nd period - Stopped by Curtis McElhinney with a rebound.
19:30 of 2nd period - Slapshot by Adam Henrique.
19:30 of 2nd period - Stopped by Curtis McElhinney without a rebound.
19:31 of 2nd period - John Zeiler wins face-off versus Adam Henrique in Atomiques zone.
19:38 of 2nd period - Penalty to Garrett Wilson is over, Garrett Wilson is back on ice.
Goals for this period are 1 for Tamiflu vs 0 for Atomiques.
Shots for this period are 11 for Tamiflu vs 8 for Atomiques.
3rd period
0:01 of 3rd period - Greg Mauldin wins face-off versus Logan Couture in neutral zone.
0:01 of 3rd period - Greg Mauldin is hit by Logan Couture.
0:05 of 3rd period - Slapshot by Jordan Hendry.
0:05 of 3rd period - Stopped by Curtis McElhinney with a rebound.
0:07 of 3rd period - Snap shot by Petr Pohl.
0:07 of 3rd period - Deflect By Jan Mursak.
0:07 of 3rd period - Shot Blocked by Clayton Stoner.
0:07 of 3rd period - Puck is out of play.
0:08 of 3rd period - Greg Mauldin wins face-off versus Logan Couture in Atomiques zone.
0:09 of 3rd period - Wrist shot by Petr Pohl.
0:09 of 3rd period - Goal by Petr Pohl - Tamiflu : 5 - Atomiques : 0.
0:10 of 3rd period - Greg Mauldin wins face-off versus Logan Couture in neutral zone.
0:35 of 3rd period - Alexandre Daigle is hit by Garrett Wilson and loses puck.
0:52 of 3rd period - Wrist shot by Alexandre Daigle.
0:52 of 3rd period - Shot Misses the Net.
0:54 of 3rd period - Slapshot by Roman Polak.
0:54 of 3rd period - Shot Blocked by Mattias Tedenby.
0:56 of 3rd period - Snap shot by Alexandre Daigle.
0:56 of 3rd period - Goal by Alexandre Daigle - Tamiflu : 5 - Atomiques : 1.
0:57 of 3rd period - Tyler Brenner wins face-off versus Greg Mauldin in neutral zone.
1:06 of 3rd period - Greg Mauldin is hit by John Zeiler and loses puck.
1:23 of 3rd period - Mike Duco is hit by Nick Johnson and loses puck.
1:34 of 3rd period - Mike Duco is hit by Nick Johnson and loses puck.
1:42 of 3rd period - Icing by Mike Duco.
1:43 of 3rd period - Logan Couture wins face-off versus Adam Henrique in Tamiflu zone.
1:44 of 3rd period - Backhand shot by Brad Winchester.
1:44 of 3rd period - Shot Misses the Net.
1:46 of 3rd period - Slapshot by Clayton Stoner.
1:46 of 3rd period - Deflect By Brad Winchester.
1:46 of 3rd period - Shot Misses the Net.
1:46 of 3rd period - Puck is out of play.
1:47 of 3rd period - Greg Mauldin wins face-off versus Logan Couture in Tamiflu zone.
1:47 of 3rd period - Greg Mauldin is hit by Brad Winchester.
2:53 of 3rd period - Petr Pohl is hit by Mitch Callahan and loses puck.
3:25 of 3rd period - Off-side.
3:26 of 3rd period - Adam Henrique wins face-off versus John Zeiler in neutral zone.
4:04 of 3rd period - Snap shot by Brad Winchester.
4:04 of 3rd period - Shot Misses the Net.
4:14 of 3rd period - Snap shot by Kenndal McArdle.
4:14 of 3rd period - Goal by Kenndal McArdle - Tamiflu : 5 - Atomiques : 2.
4:15 of 3rd period - Greg Mauldin wins face-off versus Logan Couture in neutral zone.
4:42 of 3rd period - Clayton Stoner is hit by Adam Henrique and loses puck.
4:47 of 3rd period - Snap shot by Adam Henrique.
4:47 of 3rd period - Stopped by Curtis McElhinney with a rebound.
5:09 of 3rd period - Nick Johnson is hit by Nathan Oystrick and loses puck.
5:44 of 3rd period - Wrist shot by Brad Winchester.
5:44 of 3rd period - Shot Misses the Net.
5:46 of 3rd period - Slapshot by Clayton Stoner.
5:46 of 3rd period - Stopped by Mike McKenna with a rebound.
5:48 of 3rd period - Slapshot by Clayton Stoner.
5:48 of 3rd period - Shot Blocked by Petr Pohl.
6:18 of 3rd period - Rich Clune is hit by Andrew Kozek and loses puck.
6:43 of 3rd period - Kyle Lawson is hit by Mitch Callahan and loses puck.
6:54 of 3rd period - Mike Duco is hit by Alexandre Daigle and loses puck.
7:03 of 3rd period - Slapshot by Jordan Hendry.
7:03 of 3rd period - Shot Blocked by Alexandre Daigle.
7:05 of 3rd period - Slapshot by Jonathan Sigalet.
7:05 of 3rd period - Shot Misses the Net.
7:13 of 3rd period - Wrist shot by Adam Henrique.
7:13 of 3rd period - Stopped by Curtis McElhinney with a rebound.
7:15 of 3rd period - Snap shot by Jonathan Sigalet.
7:15 of 3rd period - Deflect By Adam Henrique.
7:15 of 3rd period - Stopped by Curtis McElhinney without a rebound.
7:16 of 3rd period - Greg Mauldin wins face-off versus Tyler Brenner in Atomiques zone.
7:41 of 3rd period - Colin Greening is hit by Marc-André Cliche and loses puck.
7:50 of 3rd period - Nathan Oystrick is hit by Scott Jackson and loses puck.
8:05 of 3rd period - Snap shot by Ben Hanowski.
8:05 of 3rd period - Stopped by Curtis McElhinney without a rebound.
8:06 of 3rd period - Casey Wellman wins face-off versus Logan Couture in Atomiques zone.
8:07 of 3rd period - Slapshot by Jonathan Sigalet.
8:07 of 3rd period - Stopped by Curtis McElhinney with a rebound.
8:09 of 3rd period - Slapshot by Greg Mauldin.
8:09 of 3rd period - Stopped by Curtis McElhinney with a rebound.
8:11 of 3rd period - Snap shot by Ben Hanowski.
8:11 of 3rd period - Shot Blocked by Victor Hedman.
8:13 of 3rd period - Slapshot by Greg Mauldin.
8:13 of 3rd period - Shot Misses the Net.
8:15 of 3rd period - Snap shot by Ben Hanowski.
8:15 of 3rd period - Goal by Ben Hanowski - Tamiflu : 6 - Atomiques : 2.
8:16 of 3rd period - Greg Mauldin wins face-off versus Logan Couture in neutral zone.
8:42 of 3rd period - Victor Hedman is hit by Mike Duco and loses puck.
9:00 of 3rd period - Icing by Rich Clune.
9:01 of 3rd period - Adam Henrique wins face-off versus Marc-André Cliche in Tamiflu zone.
9:22 of 3rd period - Scott Jackson is hit by Petr Pohl and loses puck.
9:51 of 3rd period - Slapshot by Scott Jackson.
9:51 of 3rd period - Stopped by Mike McKenna with a rebound.
9:53 of 3rd period - Slapshot by Scott Jackson.
9:53 of 3rd period - Shot Blocked by Petr Pohl.
9:55 of 3rd period - Wrist shot by Marc-André Cliche.
9:55 of 3rd period - Deflect By Kenndal McArdle.
9:55 of 3rd period - Deflect By Jan Mursak.
9:55 of 3rd period - Shot Misses the Net.
9:55 of 3rd period - Puck is out of play.
9:56 of 3rd period - Adam Henrique wins face-off versus Logan Couture in Tamiflu zone.
10:23 of 3rd period - Tyler Brenner is hit by Garrett Wilson.
10:47 of 3rd period - Snap shot by John McCarthy.
10:47 of 3rd period - Stopped by Mike McKenna without a rebound.
10:48 of 3rd period - Brett Sutter wins face-off versus Adam Henrique in Tamiflu zone.
10:58 of 3rd period - Icing by Rich Clune.
10:59 of 3rd period - Logan Couture wins face-off versus Adam Henrique in Tamiflu zone.
11:02 of 3rd period - Wrist shot by Brad Winchester.
11:02 of 3rd period - Stopped by Mike McKenna without a rebound.
11:03 of 3rd period - Logan Couture wins face-off versus Greg Mauldin in Tamiflu zone.
11:04 of 3rd period - Wrist shot by Alexandre Daigle.
11:04 of 3rd period - Shot Misses the Net.
11:11 of 3rd period - Wrist shot by Jan Mursak.
11:11 of 3rd period - Shot Blocked by Roman Polak.
11:13 of 3rd period - Snap shot by Jan Mursak.
11:13 of 3rd period - Shot Misses the Net.
11:15 of 3rd period - Slapshot by Jordan Hendry.
11:15 of 3rd period - Deflect By Alexandre Daigle.
11:15 of 3rd period - Stopped by Curtis McElhinney with a rebound.
11:29 of 3rd period - Roman Polak is hit by Jonathan Sigalet and loses puck.
11:41 of 3rd period - Wrist shot by Logan Couture.
11:41 of 3rd period - Shot Misses the Net.
11:43 of 3rd period - Snap shot by Alexandre Daigle.
11:43 of 3rd period - Goal by Alexandre Daigle - Tamiflu : 6 - Atomiques : 3.
11:44 of 3rd period - Greg Mauldin wins face-off versus Tyler Brenner in neutral zone.
11:59 of 3rd period - Snap shot by John Zeiler.
11:59 of 3rd period - Shot Misses the Net.
12:11 of 3rd period - Kenndal McArdle is hit by Adam Henrique and loses puck.
13:37 of 3rd period - Backhand shot by Nick Johnson.
13:37 of 3rd period - Shot Blocked by Jonathan Sigalet.
13:52 of 3rd period - Off-side.
13:53 of 3rd period - Logan Couture wins face-off versus Colin Greening in neutral zone.
13:56 of 3rd period - Garrett Wilson is hit by Logan Couture.
14:05 of 3rd period - Off-side.
14:06 of 3rd period - Adam Henrique wins face-off versus Logan Couture in neutral zone.
14:09 of 3rd period - Slapshot by Jonathan Sigalet.
14:09 of 3rd period - Stopped by Curtis McElhinney with a rebound.
14:21 of 3rd period - Snap shot by Adam Henrique.
14:21 of 3rd period - Stopped by Curtis McElhinney with a rebound.
14:44 of 3rd period - Victor Hedman is hit by Jonathan Sigalet and loses puck.
15:19 of 3rd period - Wrist shot by Greg Mauldin.
15:19 of 3rd period - Shot Misses the Net.
15:21 of 3rd period - Wrist shot by Jonathan Sigalet.
15:21 of 3rd period - Deflect By Ben Hanowski.
15:21 of 3rd period - Shot Misses the Net.
15:21 of 3rd period - Puck is out of play.
15:22 of 3rd period - Adam Henrique wins face-off versus Logan Couture in Atomiques zone.
15:51 of 3rd period - Snap shot by Andrew Kozek.
15:51 of 3rd period - Stopped by Mike McKenna with a rebound.
15:53 of 3rd period - Slapshot by Mac Bennett.
15:53 of 3rd period - Shot Misses the Net.
15:55 of 3rd period - Slapshot by Andrew Kozek.
15:55 of 3rd period - Shot Misses the Net.
15:57 of 3rd period - Slapshot by Andrew Kozek.
15:57 of 3rd period - Shot Misses the Net.
17:15 of 3rd period - Slapshot by Mattias Tedenby.
17:15 of 3rd period - Stopped by Curtis McElhinney with a rebound.
17:37 of 3rd period - Wrist shot by Adam Henrique.
17:37 of 3rd period - Shot Misses the Net.
17:39 of 3rd period - Slapshot by Nathan Oystrick.
17:39 of 3rd period - Deflect By Mike Duco.
17:39 of 3rd period - Shot Misses the Net.
17:39 of 3rd period - Puck is out of play.
17:40 of 3rd period - Adam Henrique wins face-off versus Logan Couture in Atomiques zone.
17:45 of 3rd period - Wrist shot by Mike Duco.
17:45 of 3rd period - Stopped by Curtis McElhinney with a rebound.
17:47 of 3rd period - Wrist shot by Rich Clune.
17:47 of 3rd period - Stopped by Curtis McElhinney without a rebound.
17:48 of 3rd period - Greg Mauldin wins face-off versus Logan Couture in Atomiques zone.
17:51 of 3rd period - Slapshot by Jordan Hendry.
17:51 of 3rd period - Shot Misses the Net.
17:53 of 3rd period - Slapshot by Jonathan Sigalet.
17:53 of 3rd period - Shot Blocked by Casey Borer.
17:55 of 3rd period - Slapshot by Jordan Hendry.
17:55 of 3rd period - Deflect By Jan Mursak.
17:55 of 3rd period - Shot Blocked by Alexandre Daigle.
17:55 of 3rd period - Puck is out of play.
17:56 of 3rd period - Greg Mauldin wins face-off versus Logan Couture in Atomiques zone.
17:57 of 3rd period - Slapshot by Jordan Hendry.
17:57 of 3rd period - Shot Blocked by Victor Hedman.
18:02 of 3rd period - Penalty Shot by Logan Couture for Atomiques.
18:02 of 3rd period - Wrist shot by Logan Couture.
18:02 of 3rd period - Stopped by Mike McKenna.
18:03 of 3rd period - Logan Couture wins face-off versus Greg Mauldin in Atomiques zone.
18:11 of 3rd period - Slapshot by Logan Couture.
18:11 of 3rd period - Stopped by Mike McKenna with a rebound.
18:17 of 3rd period - Wrist shot by Greg Mauldin.
18:17 of 3rd period - Stopped by Curtis McElhinney with a rebound.
18:19 of 3rd period - Wrist shot by Greg Mauldin.
18:19 of 3rd period - Stopped by Curtis McElhinney with a rebound.
18:29 of 3rd period - Clayton Stoner is hit by Colin Greening and loses puck.
18:42 of 3rd period - Slapshot by Brad Winchester.
18:42 of 3rd period - Shot Misses the Net.
18:44 of 3rd period - Snap shot by Brad Winchester.
18:44 of 3rd period - Stopped by Mike McKenna with a rebound.
18:46 of 3rd period - Slapshot by Victor Hedman.
18:46 of 3rd period - Stopped by Mike McKenna without a rebound.
18:47 of 3rd period - Tyler Brenner wins face-off versus Greg Mauldin in Tamiflu zone.
19:02 of 3rd period - Wrist shot by Tyler Brenner.
19:02 of 3rd period - Shot Misses the Net.
19:16 of 3rd period - Off-side.
19:17 of 3rd period - Adam Henrique wins face-off versus Tyler Brenner in neutral zone.
19:19 of 3rd period - Off-side.
19:20 of 3rd period - Tyler Brenner wins face-off versus Greg Mauldin in neutral zone.
19:32 of 3rd period - Minor Penalty to Greg Mauldin for Tripping.
19:33 of 3rd period - Colin Greening wins face-off versus Logan Couture in Tamiflu zone.
Goals for this period are 2 for Tamiflu vs 3 for Atomiques.
Shots for this period are 17 for Tamiflu vs 11 for Atomiques.
Output by the SimonT Hockey Simulator (STHS) for François Prévost -- Original Page W3C XHTML 1.0 Valid